 Dungeon Crawl Stone Soup version 0.19.1-1-g22dce08 (webtiles) character file.

408 M4edhros the Poker (level 7, 0/41 HPs)
             Began as a Kobold Chaos Knight on Jan 2, 2017.
             Slain by a hornet (8 damage)
             ... on level 2 of the Dungeon.
             The game lasted 00:09:18 (16632 turns).

M4edhros the Poker (Kobold Chaos Knight)           Turns: 16632, Time: 00:09:19

Health: 0/41       AC:  5    Str:  4 (11) XL:     7   Next: 13%
Magic:  7/7        EV: 19    Int:  8 (9)  God:    Xom [.*....]
Gold:   100        SH:  0    Dex: 17 (20) Spells: 0 memorised, 6 levels left

rFire  + + .     SeeInvis .     j - +2 spear (venom)
rCold  + . .     Gourm    .     n - +0 troll leather armour
rNeg   . . .     Faith    .     (shield restricted)
rPois  .         Spirit   .     g - +2 helmet
rElec  .         Reflect  .     (no cloak)
rCorr  .         Harm     .     (no gloves)
MR     .....                    (no boots)
Stlth  ++........               (no amulet)
                                f - ring of protection from cold
                                l - ring of protection from fire

@: agile, lethally poisoned (0 -> -13), slowed, very slow
A: carnivore 3, deformed body, dopey 2, fire resistance 1, screaming 2, wild
magic 1
a: Renounce Religion


You were on level 2 of the Dungeon.
You worshipped Xom.
You were a plaything of Xom.
You were very full.

You visited 1 branch of the dungeon, and saw 3 of its levels.

You collected 100 gold pieces.

Inventory:

Hand Weapons
 a - a +0 spear of chaos
 j - a +2 spear of venom (weapon)
 t - a cursed +0 hunting sling
Missiles
 e - 90 stones (quivered)
 u - 4 poisoned tomahawks
Armour
 b - a +2 leather armour
 g - a +2 helmet (worn)
 n - a +0 troll leather armour (worn)
Jewellery
 d - an uncursed amulet of regeneration {unknown}
 f - a ring of protection from cold (right hand)
 l - a ring of protection from fire (left hand)
Wands
 v - a wand of lightning (5/15)
Scrolls
 p - a scroll of amnesia {unknown}
 q - a scroll of fear {unknown}
 s - a scroll of remove curse {unknown}
Potions
 i - a potion of curing {unknown}
 k - a potion of beneficial mutation {unknown}
 o - 2 potions of degeneration
 r - a potion of lignification {unknown}
Comestibles
 c - 2 meat rations
 m - 2 beef jerkies


   Skills:
 + Level 3.4 Fighting
 + Level 6.1 Polearms
 - Level 0.7 Armour
 + Level 2.6 Dodging


You had 6 spell levels left.
You didn't know any spells.

Dungeon Overview and Level Annotations

Branches:
Dungeon (3/15)

Altars:
Xom


Innate Abilities, Weirdness & Mutations

You are small and have problems with some larger weapons.
You are carnivorous and can eat meat at any time.
Armour fits poorly on your strangely shaped body.
You are very dopey. (Int -4)
Your flesh is heat resistant. (rF+)
You sometimes yell uncontrollably at your foes.
Your spells are a little harder to cast, but a little more powerful.


Message History

You shrug off the repeated paralysis!
You closely miss the hornet.
The hornet is moderately wounded.
You feel sick. The hornet stings you.
You feel yourself slow down.
You hit the hornet.
The hornet looks as sick as possible!
The hornet is heavily wounded.
You feel sick. The hornet stings you.
You feel as though you will be slow longer.
The hornet stings you!
* * * LOW HITPOINT WARNING * * *
You are lethally poisoned!
You feel as though you will be slow longer.
It was a potion of degeneration.
There was something very wrong with that liquid.
You feel weakened.
You feel dopey.
You feel clumsy.
* * * LOW HITPOINT WARNING * * *
You feel very sick. The hornet stings you!
You die...
Xom chortles!

#.# #.#
#..#....##).### #.#
#.# #..#.##.##>)...
#.# #.#
#..#.##.##..... #.#
#.######..#.##.#######
#.#
#.##..................
#.#
#.##.###..#.##.######.
#%# #.##.###..#.##.#
#. #.#
#.##.##...#.##.# #.
#.#
#.#.y@#..##.##.######.
#.#
#..#.#...##.##........
#.#
#........##.#########.
#.# ##.#.#..###.#####
#. #.###.#...#.#
#.....# #.
#.##...#.##.#
#####.#####.
#.#......##.# #.#.....
#.##...####.# #.#.##)#
#.###.## #.####
#.#.##.#


You could see a hornet.

Vanquished Creatures
  A hippogriff (D:1)
  An orc wizard (D:2)
  Robin (D:3)
  4 adders
  3 worms (D:2)
  3 dart slugs
  7 leopard geckos
  15 orcs
  A ball python (D:2)
  5 giant cockroaches
  26 goblins
  15 hobgoblins
  A hobgoblin (shapeshifter) (D:2)
  2 jackals (D:1)
  8 kobolds
  4 quokkas
  9 bats
  4 frilled lizards
  8 rats
118 creatures vanquished.

Notes
Turn   | Place    | Note
-------+----------+-------------------------------------------
     0 | D:1      | M4edhros the Kobold Chaos Knight began the quest for the Orb.
     0 | D:1      | Reached XP level 1. HP: 14/14 MP: 1/1
   193 | D:1      | Reached XP level 2. HP: 19/19 MP: 2/2
   273 | D:1      | XOM: potion effect (might)
   278 | D:1      | Reached skill level 3 in Polearms
   400 | D:1      | XOM is BORED!
   400 | D:1      | XOM: silly message
   477 | D:1      | XOM: harmless Pois miscast
   518 | D:1      | XOM: divination: detect items
   523 | D:1      | XOM: silly message
   923 | D:1      | XOM: 4-stop teleportation journey
  1734 | D:1      | Reached XP level 3. HP: 23/23 MP: 3/3
  1903 | D:1      | XOM: scenery: 1 doors close
  2086 | D:1      | XOM is BORED!
  2966 | D:1      | XOM: mild Chrm miscast
  3178 | D:1      | XOM: summons 1 hostile demon
  3209 | D:2      | Reached XP level 4. HP: 27/28 MP: 4/4
  3280 | D:2      | XOM: summons 3 hostile shadow creatures
  3412 | D:1      | XOM: mild Necr miscast
  3472 | D:1      | Reached skill level 4 in Polearms
  4192 | D:1      | XOM: medium Fire miscast
  4837 | D:1      | XOM: scenery: create altars
  5546 | D:1      | XOM: divination: detect items
  6166 | D:1      | XOM: severe Pois miscast
  6427 | D:1      | XOM: harmless Summ miscast
  6482 | D:1      | XOM: harmless Tloc miscast
  6506 | D:1      | XOM: harmless Divn miscast
  6709 | D:1      | XOM: noise
  6734 | D:1      | Noticed a hippogriff
  6734 | D:1      | Gained mutation: Your spells are a little harder to cast, but a little more powerful. [potion of mutation]
  6734 | D:1      | Gained mutation: Your body sometimes deteriorates upon taking damage. [potion of mutation]
  6734 | D:1      | Gained mutation: You evolve. [potion of mutation]
  6737 | D:1      | XOM: blink monster(s)
  6750 | D:1      | Killed a hippogriff
  6750 | D:1      | Reached skill level 5 in Polearms
  6750 | D:1      | Reached XP level 5. HP: 32/32 MP: 5/5
  6750 | D:1      | Reached XP level 6. HP: 37/37 MP: 6/6
  7415 | D:1      | XOM: give mutation
  7415 | D:1      | Gained mutation: You occasionally shout uncontrollably at your foes. [Xom's mischief]
  7444 | D:1      | XOM: stat loss: -1 Str (10/11)
  7957 | D:1      | Noticed a mottled dragon
  8053 | D:2      | Gained mutation: You are dopey. (Int -2) [potion of mutation]
  8053 | D:2      | Gained mutation: You are very dopey. (Int -4) [potion of mutation]
  8131 | D:2      | XOM: mild Ice miscast
  8212 | D:2      | XOM: 1-stop teleportation journey
  8317 | D:2      | XOM: god gift: potion of agility
  8465 | D:1      | XOM: medium Erth miscast
  8577 | D:1      | Noticed a deep troll
  8578 | D:1      | Noticed a deep troll
  8584 | D:2      | Noticed an ice beast
  8584 | D:2      | a worm changed into an ice beast
  8584 | D:2      | XOM: cleaving
  8585 | D:2      | Noticed a steam dragon
  8585 | D:2      | an ice beast changed into a steam dragon
  8587 | D:2      | a steam dragon changed into a hobgoblin
  8700 | D:2      | XOM: summons 1 hostile shadow creature
  8714 | D:2      | Gained mutation: Your flesh is heat resistant. (rF+) [evolution]
  8714 | D:2      | Lost mutation: You evolve. [end of evolution]
  9214 | D:2      | XOM: stat loss: -1 Dex (13/15)
  9433 | D:2      | XOM: severe Pois miscast
  9441 | D:2      | XOM: smoke on damage
 10098 | D:2      | XOM: harmless Fire miscast
 10312 | D:2      | XOM: harmless Air miscast
 10562 | D:2      | XOM: mild Air miscast
 11032 | D:2      | XOM: medium Fire miscast
 11806 | D:2      | XOM: mild Erth miscast
 12109 | D:2      | XOM: medium Hex miscast
 12815 | D:2      | XOM: give mutations
 12815 | D:2      | Lost mutation: Your body sometimes deteriorates upon taking damage. [Xom's mischief]
 12815 | D:2      | Gained mutation: Armour fits poorly on your strangely shaped body. [Xom's mischief]
 13380 | D:2      | XOM: noise
 13519 | D:2      | XOM: give mutations
 13519 | D:2      | Gained mutation: You sometimes yell uncontrollably at your foes. [Xom's mischief]
 13519 | D:2      | Gained mutation: You are clumsy. (Dex -2) [Xom's mischief]
 13519 | D:2      | Lost mutation: You are clumsy. (Dex -2) [Xom's mischief]
 13744 | D:2      | Reached skill level 6 in Polearms
 13760 | D:2      | XOM: summons 3 hostile demons
 13761 | D:2      | Noticed an orange demon
 13761 | D:2      | Noticed a neqoxec
 14253 | D:2      | XOM: medium Air miscast
 14490 | D:2      | XOM: divination: magic mapping
 14744 | D:2      | XOM: noise
 14794 | D:2      | XOM: harmless Fire miscast
 14809 | D:2      | XOM: god gift: shiny bone wand {god gift}
 15190 | D:2      | XOM: harmless Tmut miscast
 15704 | D:2      | Noticed a hill giant
 15724 | D:3      | Reached XP level 7. HP: 39/41 MP: 7/7
 15731 | D:3      | Noticed Robin
 16342 | D:3      | Killed Robin
 16620 | D:2      | Noticed a hornet
 16625 | D:2      | Paralysed by a hornet for 2 turns
 16632 | D:2      | Slain by a hornet

Skill      XL: |  1  2  3  4  5  6 |
---------------+-------------------+-----
Polearms       | 3 5 6 |  6.1
Fighting       | |  3.4
Armour         | |  0.7
Dodging        | |  2.6

Action                   |  1- 3 |  4- 6 |  7- 9 || total
-------------------------+-------+-------+-------++-------
Melee: Spear             |   101 |   272 |    92 ||   465
  Use: Scroll            |     3 |       |       ||     3
       Potion            |       |     5 |     2 ||     7
 Stab: Paralysed         |     2 |    10 |     1 ||    13
       Sleeping          |     1 |     2 |       ||     3
       Petrifying        |     1 |     1 |       ||     2
       Distracted        |       |     2 |       ||     2
  Eat: Chunk             |    15 |    34 |     7 ||    56
Armor: Leather armour    |    17 |       |       ||    17
       Troll leather arm |     5 |    40 |    35 ||    80
Dodge: Dodged            |    44 |   136 |    67 ||   247
